 Dungeon Crawl Stone Soup version 0.25.1-2-g60ff931df9 (console) character file.

Game seed: 1199622302142155926

29 Colgate the Shooter (level 3, 29/29 HPs)
             Began as a Centaur Hunter on Aug 20, 2020.
             Quit the game on level 1 of the Dungeon.
             The game lasted 00:14:13 (505 turns).

Colgate the Shooter (Centaur Hunter)                 Turns: 505, Time: 00:14:13

Health: 29/29      AC:  4    Str: 14    XL:     3   Next: 1%
Magic:  3/3        EV:  9    Int: 11    God:
Gold:   14         SH:  0    Dex:  9    Spells: 2/2 levels left

rFire    . . .     SeeInvis .   a - +1 shortbow
rCold    . . .     Gourm    .   (shield currently unavailable)
rNeg     . . .     Faith    .   c - +0 leather armour
rPois    .         Spirit   .   (no helmet)
rElec    .         Reflect  .   (no cloak)
rCorr    .         Harm     .   (no gloves)
MR       .....                  (no barding)
Stlth    +.........             (no amulet)
HPRegen  0.09/turn              (no ring)
MPRegen  0.08/turn              (no ring)

@: very quick
A: large, hooves 3, deformed body, speed 2, tough skin 3
a: no special abilities


You were on level 1 of the Dungeon.
You were not hungry.

You visited 1 branch of the dungeon, and saw 2 of its levels.

You collected 14 gold pieces.

Inventory:

Hand Weapons
 a - a +1 shortbow (weapon)
 b - a +2 dagger of protection
 j - a +0 short sword
 l - a +1 dagger of chaos
Missiles
 d - 2 arrows (quivered)
 i - 8 javelins
 o - 55 stones
Armour
 c - a +0 leather armour (worn)
 m - a +0 ring mail
Scrolls
 e - a scroll of teleportation {unknown}
 k - a scroll of enchant weapon {unknown}
 n - a scroll of blinking {unknown}
 q - a scroll of identify {unknown}
Potions
 h - a potion of haste {unknown}
 p - a potion of curing {unknown}
Comestibles
 f - 3 rations
 g - 4 chunks of flesh


   Skills:
 - Level 2.0 Fighting
 + Level 6.6 Bows
 - Level 1.3 Dodging
 - Level 0.4 Stealth


You had 2 spell levels left.
You didn't know any spells.
Your spell library was empty.

Dungeon Overview and Level Annotations

Branches:
Dungeon (2/15)

Altars:
Vehumet
Xom


Innate Abilities, Weirdness & Mutations

You have hooves in place of feet.
Armour fits poorly on your strangely shaped body.
You cover ground very quickly.
You have extremely tough skin. (AC +3)


Message History

o - 55 stones (gained 18)
q - a scroll labeled DONWORPHUEWA
(D) Dungeon
Where to? (Enter - D:2 @ (x,y), ? - help)
What level of the Dungeon? (default 1, ? - help)
There is a stone staircase leading up here.
You climb upwards.
The goblin shouts!
The goblin is too close now for your liking.
There is a stone staircase leading down here.
Firing (i - inventory. (/) - cycle)
d - 3 arrows (quivered)
Press: ? - help, Shift-Dir - straight line, f - goblin
Aim: a goblin, wielding a +0 dagger You shoot an arrow.
The arrow hits the goblin.
You kill the goblin!
You have reached level 3!
Your experience leads to an increase in your attributes!
Increase (S)trength, (I)ntelligence, or (D)exterity?
You feel clever.
Are you sure you want to abandon this character and quit the game? (Confirm with "yes".)

#...##..#.#.#.#.
#$....##.#...#.#
#.......#.....#.
....#.....######...<...#
................#.....#.
..............##.#...#.#
............##..#.#.#.#.
.......(...#...#.#.#.#.#
..............#.. . . ..
.............#.. . .. .
.......@....#... .. .. .
...............
...............
####..#######.. .... .
####. #


There were no monsters in sight!

Vanquished Creatures
  A gnoll (D:2)
  A dart slug (D:2)
  An orc (D:2)
  5 goblins
  3 hobgoblins
  A ball python (D:1)
  3 bats
  A frilled lizard (D:2)
  A kobold (D:1)
17 creatures vanquished.

Notes
Turn   | Place    | Note
-------+----------+-------------------------------------------
     0 | D:1      | Colgate the Centaur Hunter began the quest for the Orb.
     0 | D:1      | Reached XP level 1. HP: 17/17 MP: 1/1
   126 | D:1      | Reached XP level 2. HP: 24/24 MP: 2/2
   138 | D:1      | You fall into a shaft and drop 1 floor!
   139 | D:2      | Found a shimmering altar of Xom.
   143 | D:2      | Reached skill level 6 in Bows
   374 | D:2      | Found a radiant altar of Vehumet.
   504 | D:1      | Reached XP level 3. HP: 29/29 MP: 3/3
   505 | D:1      | Quit the game

Illustrated notes

Levels and vault maps discovered:
D:1:      minmay_arrival_radiant_lines, layout_rooms,
          hangedman_decor_clover_reticule
D:2:      layout_loops_corners, vehumet_crystals, tgw_xom

Skill      XL: |  1  2 |
---------------+-------+-----
Bows           | 6 |  6.6
Fighting       | |  2.0
Dodging        | |  1.3
Stealth        | |  0.4

Action                   || total
-------------------------++-------
Melee: Dagger            ||     1
       Kick              ||     1
 Fire: Shortbow          ||    43
Throw: Javelin           ||     3
Armor: Leather armour    ||     3
Dodge: Dodged            ||     5
